 Dungeon Crawl Stone Soup version 0.26-a0-540-g8a0c9464d7 (webtiles) character file.

Game seed: 117122201839096592

(classic levelgen) 6076 EnegeticOcto the Cleaver (level 10, -14/81 HPs)
             Began as a Deep Dwarf Fighter on Aug 17, 2020.
             Was a Priest of Yredelemnul.
             Demolished by an ettin
             ... wielding a +0 great mace
              (21 damage)
             ... on level 1 of the Orcish Mines.
             The game lasted 00:12:18 (2043 turns).

EnegeticOcto the Cleaver (Deep Dwarf Fighter)       Turns: 2043, Time: 00:12:18

Health: -14/81     AC: 17    Str: 23    XL:     10   Next: 57%
Magic:  4/6        EV:  4    Int:  9    God:    Yredelemnul [***...]
Gold:   305        SH:  9    Dex: 12    Spells: 9/9 levels left

rFire    + . .     SeeInvis .   d - +6 hand axe "Widowermaker" {vorpal, rC+}
rCold    + . .     Faith    .   c - +0 kite shield
rNeg     . . .     Spirit   .   r - +0 plate armour
rPois    .         Reflect  .   h - +2 helmet
rElec    .         Harm     .   (no cloak)
rCorr    .                      (no gloves)
MR       +....                  y - +2 pair of boots
Stlth    ..........             (no amulet)
HPRegen  0.00/turn              g - ring of stealth
MPRegen  0.10/turn              A - ring of protection from fire

@: non-regenerating
A: damage resistance, heal wounds, sense surroundings 2, no regeneration
a: Heal Wounds, Recall Undead Slaves, Injury Mirror, Animate Dead, Renounce
Religion


You were on level 1 of the Orcish Mines.
You worshipped Yredelemnul.
Yredelemnul was most pleased with you.
You visited 2 branches of the dungeon, and saw 11 of its levels.
You also visited: Bailey.

You collected 305 gold pieces.

Inventory:

Hand Weapons
 a - a +1 war axe
 d - the +6 hand axe "Widowermaker" (weapon) {vorpal, rC+}
   (You took it off an orc in a bailey)

   It inflicts extra damage upon your enemies.
   It protects you from cold.
 B - a +1 vampiric hand axe
Missiles
 j - 2 curare-tipped darts (quivered)
 k - 7 javelins
 D - a throwing net
Armour
 b - a +0 scale mail
 c - a +0 kite shield (worn)
 h - a +2 helmet (worn)
 r - a +0 plate armour (worn)
 w - a +0 chain mail
 y - a +2 pair of boots (worn)
Jewellery
 g - a ring of stealth (left hand)
 p - an uncursed ring of ice
 A - a ring of protection from fire (right hand)
Wands
 i - a wand of digging (2) {@v3}
 s - a wand of random effects (13)
 x - a wand of flame (14) {@v4}
Scrolls
 e - 3 scrolls of remove curse {@r2}
 l - 2 scrolls of fog
 n - a scroll of blinking {unknown}
 o - a scroll of immolation {unknown}
 q - a scroll of enchant weapon
 t - a scroll of vulnerability {unknown}
 C - a scroll of teleportation {@r3}
 E - a scroll of identify {@r1}
Potions
 f - a potion of degeneration
 m - a potion of cancellation
 u - a potion of resistance {unknown}
 v - 2 potions of flight
 z - 2 potions of curing {@q1}


   Skills:
 - Level 2.6 Fighting
 * Level 14.9 Axes
 - Level 3.2 Armour
 - Level 3.2 Shields
 + Level 9.3 Invocations


You had 9 spell levels left.
You didn't know any spells.
Your spell library was empty.

Dungeon Overview and Level Annotations

Branches:
Dungeon (10/15)               Orc (1/2) D:9          Bailey (visited)
 Temple: D:4-7         Lair: D:8-11

Altars:
Dithmenos
Ru
Trog
Xom
Yredelemnul

Annotations:
D:9 1 runed translucent door, Graouh's ghost, novice MiFi


Innate Abilities, Weirdness & Mutations

You are resistant to damage.
You can heal yourself by infusing magical energy.
You passively map the area around you.
You do not regenerate.


Message History

You hit the two-headed ogre. You slash the orc priest!
You block the two-headed ogre's attack.
The two-headed ogre hits you but does no damage.
The orc hits you with a +0 flail.
Your mummy closely misses the orc warrior.
You block the orc warrior's attack.
You hit the orc warrior.
You kill the orc warrior!
Yredelemnul accepts your kill.
You hit the orc.
You hit the two-headed ogre but do no damage.
You completely miss the orc priest.
The orc priest casts a cantrip, but nothing happens.
You slash the orc priest!
You kill the orc priest!
Yredelemnul accepts your kill.
You closely miss the orc. You hit the two-headed ogre.
The two-headed ogre hits you with a +0 giant club. x2
An orc warrior comes into view. It is wielding a +0 war axe.
The orc hits you with a +0 flail.
The orc warrior shouts!
You hit the orc.
The orc is almost dead.
You slash the orc!
You kill the orc!
Yredelemnul accepts your kill.
You hit the two-headed ogre.
You hear a shout! x3
An orc comes into view. It is wielding a +0 club.
The two-headed ogre hits you with a +0 giant club.
You block the two-headed ogre's attack. You block the orc's attack.
You call on the dead to rise...
The dead are walking!
The ettin hits your orc priest zombie with a +0 great mace!!!
Your orc priest zombie is destroyed!
An orc comes into view. It is wielding a +0 trident of pain.
Your mummy hits the two-headed ogre. You hit the orc.
You kill the orc!
Yredelemnul accepts your kill.
You hit the two-headed ogre.
The two-headed ogre hits you but does no damage.
The two-headed ogre barely misses you.
You hit the two-headed ogre.
The two-headed ogre is heavily wounded.
Your orc priest zombie closely misses the two-headed ogre.
Your orc priest zombie hits the ettin but does no damage.
Your orc priest zombie hits the orc priest but does no damage.
The two-headed ogre hits you with a +0 giant club!!
The two-headed ogre hits you but does no damage.
You swap places.
The orc priest hits your orc priest zombie with a +0 club.
The ettin hits your mummy with a +0 great mace!!
The ettin hits your mummy with a +0 dire flail!!
Your mummy is destroyed!
You slash the two-headed ogre!
The two-headed ogre is almost dead.
The two-headed ogre barely misses you.
The two-headed ogre hits you with a +0 giant club!
Your orc priest zombie barely misses the two-headed ogre.
Your orc priest zombie hits the orc priest with a +0 hand axe.
Your orc priest zombie barely misses the ettin.
The orc priest hits your orc priest zombie with a +0 club.
You feel much better.
The two-headed ogre hits you but does no damage. x2
You slash the two-headed ogre!
You kill the two-headed ogre!
Yredelemnul accepts your kill.
Your Invocations skill increases to level 9!
You hit the ettin but do no damage.
The orc priest hits your orc priest zombie with a +0 club.
Your orc priest zombie is destroyed!
You block the ettin's attack. The ettin hits you but does no damage.
You hit the orc warrior.
The orc warrior is lightly wounded.
You hit the ettin but do no damage.
The orc priest calls upon Beogh to heal the orc warrior.
The orc warrior's wounds heal themselves!
The orc warrior hits you with a +0 war axe!
You block the ettin's attack. The ettin barely misses you.
Your magical essence is drained by the effort!
You feel much better.
An orc warrior comes into view. It is wielding a +0 war axe.
You block the orc's attack.
An orc and an orc warrior come into view.
The orc shouts!
The orc warrior shouts!
You hear a shout!
You hear a howl!
You hear a shout!
The ettin hits you with a +0 great mace!!!
* * * LOW HITPOINT WARNING * * *
You block the ettin's attack. You block the orc's attack.
The orc hits you but does no damage.
The orc priest hits you but does no damage.
The orc warrior hits you with a +0 war axe.
Things that are here:
a +0 giant club; a +0 giant club You feel much better.
The ettin hits you with a +0 great mace!!
* * * LOW HITPOINT WARNING * * *
The ettin hits you with a +0 dire flail!!
You die...
Your body rises from the dead as a mindless zombie.

*........ , *
###....... ##
#.#....#.###.##
* ,,*
........$#...# *
, ,,
#..........# , *
##.........# ,,
###.........#* *
,,
....$..o.<..##
......o@C....#
......oo))...# *
.o............#
*
..............#
, ,
,.#.o.....$.#.##
,,.............#
,
,.o............
.............##
, , , ,


You could see an ettin, 3 orc warriors, an orc priest and 3 orcs.

Vanquished Creatures
  A two-headed ogre (Orc:1)
  An orc knight (Bailey)
  A hippogriff (D:9)
  6 yaks (D:9)
  A wraith (D:10)
  A wyvern (D:9)
  Eustachio (D:4)
  A water moccasin (D:9)
  A warg (D:9)
  Menkaure (D:4)
  8 orc warriors
  Duvessa (D:7)
  An ice beast (D:10)
  A sky beast (D:10)
  A black bear (D:10)
  3 ogres
  A centaur (D:9)
  3 big kobolds
  2 bullfrogs (D:7)
  A gnoll sergeant (D:10)
  Dowan (D:7)
  A water moccasin skeleton (D:10)
  3 killer bees (D:9)
  5 wights (D:10)
  A howler monkey (D:6)
  A bullfrog zombie (D:5)
  3 hounds
  A jelly (D:10)
  6 orc priests
  6 orc wizards
  Jessica (D:3)
  4 worker ants
  A worker ant zombie (D:10)
  Robin (D:2)
  7 gnolls
  7 adders
  2 shadow imps (D:5)
  2 white imps
  An adder zombie (D:7)
  A dart slug (D:5)
  33 orcs
  A giant cockroach (D:5)
  11 goblins
  2 hobgoblins (D:2)
  6 jackals
  16 kobolds
  A quokka (D:3)
  A ball python (D:4)
  A bat (D:3)
  A giant cockroach zombie (D:5)
  A leopard gecko skeleton (D:7)
166 creatures vanquished.

Vanquished Creatures (others)
  A mummy (Orc:1)
  A hound zombie (D:7)
  2 orc zombies (Orc:1)
4 creatures vanquished.

Grand Total: 170 creatures vanquished

Notes
Turn   | Place    | Note
-------+----------+-------------------------------------------
     0 | D:1      | EnegeticOcto the Deep Dwarf Fighter began the quest for the
                  | Orb.
     0 | D:1      | Reached XP level 1. HP: 20/20 MP: 1/1
    19 | D:2      | Reached skill level 3 in Axes
    19 | D:2      | Reached XP level 2. HP: 25/27 MP: 2/2
    56 | D:2      | Noticed Robin
    63 | D:2      | Reached XP level 3. HP: 26/33 MP: 3/3
    67 | D:2      | Reached skill level 4 in Axes
    81 | D:2      | Killed Robin
   163 | D:3      | Noticed Jessica
   174 | D:3      | Killed Jessica
   174 | D:3      | Reached XP level 4. HP: 40/40 MP: 4/4
   176 | D:3      | Reached skill level 5 in Axes
   270 | D:4      | Reached XP level 5. HP: 23/46 MP: 5/5
   276 | D:4      | Noticed Menkaure
   298 | D:4      | Killed Menkaure
   298 | D:4      | Reached skill level 6 in Axes
   364 | D:5      | Entered Level 5 of the Dungeon
   377 | D:5      | Reached skill level 7 in Axes
   377 | D:5      | Reached XP level 6. HP: 55/55 MP: 4/4
   461 | D:5      | Reached skill level 8 in Axes
   685 | D:4      | Noticed Eustachio
   708 | D:4      | Found a shadowy altar of Dithmenos.
   708 | D:4      | Found a sacrificial altar of Ru.
   713 | D:4      | Found a bloodstained altar of Trog.
   715 | D:4      | Found a faded altar of an unknown god.
   716 | D:4      | Found a faded altar of an unknown god.
   731 | D:4      | Killed Eustachio
   731 | D:4      | Reached XP level 7. HP: 45/61 MP: 5/5
   740 | D:4      | Became a worshipper of Yredelemnul the Dark
   740 | D:4      | Reached * piety under Yredelemnul
   879 | D:6      | Reached skill level 9 in Axes
   879 | D:6      | Reached skill level 1 in Invocations
  1055 | D:7      | Noticed Duvessa
  1056 | D:7      | Reached ** piety under Yredelemnul
  1056 | D:7      | Reached skill level 10 in Axes
  1056 | D:7      | Reached XP level 8. HP: 36/68 MP: 7/7
  1073 | D:7      | Killed Duvessa
  1082 | D:7      | Noticed Dowan
  1090 | D:7      | Killed Dowan
  1203 | D:9      | Found a staircase to the Orcish Mines.
  1234 | D:9      | Reached skill level 5 in Invocations
  1243 | D:9      | Reached skill level 11 in Axes
  1248 | D:9      | Gained mutation: You passively map the area around you.
                  | [Deep Dwarf growth]
  1248 | D:9      | Reached XP level 9. HP: 67/74 MP: 6/8
  1255 | D:9      | Reached skill level 12 in Axes
  1327 | D:9      | Found a flagged portal.
  1340 | Bailey   | Entered a bailey
  1452 | Bailey   | Found a roughly hewn altar of Beogh.
  1452 | Bailey   | Noticed an orc knight
  1452 | Bailey   | Identified the +6 hand axe "Widowermaker" {vorpal, rC+}
  1465 | Bailey   | Killed an orc knight
  1465 | Bailey   | Reached skill level 13 in Axes
  1581 | D:9      | Reached XP level 10. HP: 65/81 MP: 7/7
  1604 | D:10     | Entered Level 10 of the Dungeon
  1643 | D:10     | Reached skill level 14 in Axes
  1947 | D:9      | Found a runed translucent door.
  1948 | D:9      | Found a shimmering altar of Xom.
  1948 | D:9      | Noticed Graouh's ghost (novice MiFi)
  1948 | D:9      | Noticed a +2 dire flail of chaos
  1986 | D:9      | Reached *** piety under Yredelemnul
  2000 | D:9      | Received a gift from Yredelemnul (a mummy)
  2021 | Orc:1    | Entered Level 1 of the Orcish Mines
  2021 | Orc:1    | Noticed a two-headed ogre
  2025 | Orc:1    | Noticed an ettin
  2039 | Orc:1    | Killed a two-headed ogre
  2043 | Orc:1    | Demolished by an ettin

Illustrated notes

Levels and vault maps discovered:
D:1:      shiori_arrival_elements, layout_loops_ring
D:2:      layout_basic, lemuel_zombie_altar_yredelemnul, uniq_robin
D:3:      layout_loops_ring, grunt_temple_overflow_opulence,
          uniq_crazy_yiuf_cottage, uniq_jessica
D:4:      layout_gridville, chequers_temple_overflow_minitemple,
          grunt_decor_fettered, uniq_menkaure, uniq_eustachio
D:5:      layout_loops_cross
D:6:      layout_loops_cross, gammafunk_ghost_abyssal_escape
D:7:      layout_loops_ring, lemuel_temple_firewalk_a, dk_xom_monty_hall,
          uniq_duvessa, uniq_joseph
D:8:      layout_basic, minmay_tree_intersection
D:9:      layout_basic, david_orc_3, ebering_ghost_xom, enter_bailey_7,
          kb_lookout_dungeons_type, uniq_harold
D:10:     layout_roguey
Orc:1:    layout_caves, uniq_erolcha

Skill      XL: |  1  2  3  4  5  6  7  8  9 10 |
---------------+-------------------------------+-----
Axes           | 3 4 5 7 8 10 11 13 14 | 14.9
Invocations    | 3 6 8 9 |  9.3
Fighting       | |  2.6
Armour         | |  3.2
Shields        | |  3.2

Action                   |  1- 3 |  4- 6 |  7- 9 | 10-12 || total
-------------------------+-------+-------+-------+-------++-------
Melee: War axe           |    47 |   109 |   181 |       ||   337
       Hand axe          |       |       |    15 |   124 ||   139
Throw: Dart              |       |       |     3 |       ||     3
Invok: Animate Remains   |       |       |     2 |       ||     2
       Injury Mirror     |       |       |     2 |       ||     2
       Recall Undead Sla |       |       |       |     1 ||     1
       Animate Dead      |       |       |       |     1 ||     1
 Abil: Heal Wounds       |     2 |     7 |    34 |     5 ||    48
Evoke: Wand              |       |     1 |     6 |       ||     7
  Use: Scroll            |       |     7 |     7 |       ||    14
       Potion            |       |       |     1 |       ||     1
 Stab: Distracted        |       |       |       |     1 ||     1
Armor: Scale mail        |    43 |    52 |    25 |       ||   120
       Chain mail        |       |       |    82 |       ||    82
       Plate armour      |       |       |    63 |    69 ||   132
Dodge: Dodged            |    34 |    28 |    76 |    14 ||   152
Block: Kite shield       |    38 |    61 |   175 |    46 ||   320

Table legend: (Time is in decaauts)
 A = Elapsed time spent in this place.
 B = Non-inter-level travel time spent in this place.
 C = Inter-level travel time spent in this place.
 D = Time resting spent in this place.
 E = Time spent auto-exploring this place.
 F = Levels seen in this place.
 G = Mean time per level.
                   A        B        C        D        E       F      G
               +--------+--------+--------+--------+--------+-----+--------+
         Total |   2050 |   2032 |     18 |      0 |      0 |  12 |  170.8 |
       Dungeon |   1889 |   1871 |     18 |      0 |      0 |  10 |  188.9 |
  Orcish Mines |     17 |     17 |      0 |      0 |      0 |   1 |   17.0 |
        Bailey |    143 |    143 |      0 |      0 |      0 |   1 |  143.0 |
               +--------+--------+--------+--------+--------+-----+--------+

Top non-repeatable levels by time:
     D:4: 353 daAuts
     D:9: 333 daAuts
    D:10: 299 daAuts
     D:5: 242 daAuts
     D:7: 181 daAuts
  Bailey: 143 daAuts
     D:6: 142 daAuts
     D:3: 123 daAuts
     D:2: 123 daAuts
     D:8: 79 daAuts
   Orc:1: 17 daAuts
     D:1: 11 daAuts
